[Event "Team 45 45 League T45"]
[Site "Internet Chess Club"]
[Date "2010.05.14"]
[Round "2"]
[White "natethegreat"]
[Black "mickeys"]
[Result "0-1"]
[WhiteElo "1851"]
[BlackElo "1910"]
[Opening "French: Rubinstein variation"]
[ECO "C10"]
[Time "18:39:57"]
[TimeControl "2700+45"]

1. e4 e6 2. d4 d5 3. Nc3 dxe4 4. Nxe4 Bd7 5. Bg5 Be7 6. Bxe7 Qxe7 7. Qd2 Bc6 8.
Ng3 Nf6 9. c3 Nbd7 10. Qg5 g6 11. O-O-O O-O-O 12. f3 e5 13. Re1 Qd6 14. N1e2
Rhe8 15. Rd1 e4 16. d5 Nc5 17. fxe4 Ncxe4 18. Nxe4 Nxe4 19. Qh4 Bxd5 20. Nf4
Nxc3 21. Qh3+ f5 22. Qxc3 Qxf4+ 23. Qd2 Qxd2+ 24. Rxd2 Re1+ 25. Kc2 Be4+ {White
resigns} 0-1

[Event "Team 45 45 League T45"]
[Site "Internet Chess Club"]
[Date "2010.05.18"]
[Round "2"]
[White "cknights"]
[Black "avila"]
[Result "0-1"]
[WhiteElo "1773"]
[BlackElo "1672"]
[Opening "QGD semi-Slav: Bogolyubov variation"]
[ECO "D46"]
[Time "19:00:38"]
[TimeControl "2700+45"]

1. d4 d5 2. c4 c6 3. Nf3 Nf6 4. Nc3 e6 5. e3 Nbd7 6. Bd3 Be7 7. O-O O-O 8. Qe2
dxc4 9. Bxc4 b5 10. Bd3 a6 11. e4 c5 12. d5 exd5 13. e5 Ne8 14. Nxd5 Nb6 15.
Nxb6 Qxb6 16. Ng5 Bxg5 17. Bxg5 f6 18. Qe4 fxg5 19. Qxa8 Bb7 20. Qb8 Nc7 21.
Bxh7+ Kf7 22. Bg6+ Kg8 23. Bh7+ Kf7 24. Bg6+ Ke7 25. Qxf8+ Kxf8 26. Bc2 g4 27.
Rfe1 Ke7 28. Bf5 Qc6 29. Be4 Nd5 30. Rad1 Qe6 31. Rd2 Bc6 32. f3 gxf3 33. Bxf3
Nb4 34. Rd6 Qc8 35. Bh5 Qf5 36. Bd1 Qg5 37. g3 Qc1 38. Kf1 Qxb2 39. Re2 Qb1 40.
a3 Nd5 41. Rxc6 Qxd1+ 42. Kf2 Qd4+ 43. Kf1 Ne3+ 44. Kf2 Nc2+ 45. Kf1 Qd1+ 46.
Kf2 Nd4 47. Re3 Qd2+ 48. Kf1 Nxc6 49. Re2 Qd1+ 50. Kf2 Nd4 51. Ra2 Qf3+ 52. Kg1
Ne2+ 53. Rxe2 Qxe2 54. g4 Qxg4+ 55. Kf2 b4 56. h3 Qxh3 57. axb4 cxb4 58. e6 b3
59. Ke2 b2 60. Kd2 b1=Q 61. Ke2 Qc2+ 62. Ke1 Qh1# {White checkmated} 0-1

[Event "Team 45 45 League T45"]
[Site "Internet Chess Club"]
[Date "2010.05.22"]
[Round "2"]
[White "vkpanch"]
[Black "pishd"]
[Result "0-1"]
[WhiteElo "1673"]
[BlackElo "1755"]
[Opening "Caro-Kann: Panov-Botvinnik attack, 5...g6"]
[ECO "B14"]
[Time "11:04:50"]
[TimeControl "2700+45"]

1. e4 c6 2. d4 d5 3. exd5 cxd5 4. c4 Nf6 5. Nc3 g6 6. Nf3 Bg7 7. Bg5 Ne4 8. Nxd5
Nxg5 9. Nxg5 e6 10. Qf3 O-O 11. Nc3 Qxg5 12. Rd1 Nc6 13. d5 exd5 14. cxd5 Re8+
15. Be2 Nd4 16. Qg3 Nc2+ 17. Kf1 Qxg3 18. hxg3 Bd7 19. Bb5 Rad8 20. Rd2 Re1#
{White checkmated} 0-1

[Event "Team 45 45 League T45"]
[Site "Internet Chess Club"]
[Date "2010.05.14"]
[Round "2"]
[White "jeffry2k"]
[Black "soccerisfun"]
[Result "1-0"]
[WhiteElo "1817"]
[BlackElo "1573"]
[Opening "Queen's pawn game, Chigorin variation"]
[ECO "A04"]
[Time "19:58:06"]
[TimeControl "2700+45"]

1. Nf3 Nc6 2. d4 d5 3. Bf4 Bf5 4. e3 Nf6 5. c3 e6 6. Qa4 Bd6 7. Bb5 Qd7 8. Nbd2
Bxf4 9. exf4 a6 10. Ne5 Qd6 11. Bxc6+ bxc6 12. Qxc6+ Qxc6 13. Nxc6 Kd7 14. Ne5+
Ke7 15. O-O Rhe8 16. b4 Kf8 17. Nb3 Ne4 18. Rfe1 f6 19. Nd7+ Ke7 20. Ndc5 Nxc3
21. Re3 Nb5 22. Rc1 Kf7 23. a4 Na3 24. Na5 Nc2 25. Rc3 Nxd4 26. Kf1 c6 27. Ncb7
Kg8 28. Nxc6 Nxc6 29. Rxc6 Reb8 30. Nd6 h6 31. Nxf5 exf5 32. Rb1 Rc8 33. Rxc8+
Rxc8 34. b5 axb5 35. axb5 Rb8 36. b6 Kf7 37. b7 Ke6 38. Ke2 Kd6 39. Kd3 Kc6 40.
Kd4 g6 41. Rc1+ Kd6 42. Rb1 Kc6 43. h4 g5 44. fxg5 fxg5 45. hxg5 hxg5 46. Ke5 f4
47. Rc1+ Kd7 48. Rb1 Kc6 49. f3 d4 50. Kxd4 Rxb7 51. Rxb7 Kxb7 52. Ke4 g4 53.
fxg4 Kc7 54. Ke5 Kd7 55. Kf6 Ke8 56. Kg7 Ke7 57. g5 Ke8 58. g6 Ke7 59. Kh7 Kf8
60. g7+ {Black resigns} 1-0

[Event "Team 45 45 League T45"]
[Site "Internet Chess Club"]
[Date "2010.05.17"]
[Round "2"]
[White "upsan"]
[Black "EireChess"]
[Result "1-0"]
[WhiteElo "1847"]
[BlackElo "1734"]
[Opening "Sicilian"]
[ECO "B50"]
[Time "10:00:09"]
[TimeControl "2700+45"]

1. e4 c5 2. Nf3 d6 3. c4 Nf6 4. Nc3 Nc6 5. d3 g6 6. h3 Bg7 7. Be3 O-O 8. Qd2 a6
9. Be2 Rb8 10. O-O b5 11. Rab1 b4 12. Nd5 Nxd5 13. cxd5 Ne5 14. Nxe5 Bxe5 15. f4
Bg7 16. d4 cxd4 17. Bxd4 Bxd4+ 18. Qxd4 Qb6 19. Qxb6 Rxb6 20. Rbc1 Bb7 21. Rc7
e6 22. dxe6 fxe6 23. e5 dxe5 24. fxe5 Rxf1+ 25. Kxf1 Bd5 26. Kf2 Bxa2 27. Ra7
Bd5 28. Rxa6 Rxa6 29. Bxa6 Kf7 30. g3 Ke7 31. Ke3 Kd7 32. Kd4 Kc6 33. Bc4 h6 34.
Bxd5+ exd5 35. e6 Kd6 36. e7 Kxe7 37. Kxd5 Kf6 38. Kc4 Ke5 39. Kxb4 Ke4 40. Kc3
Kf3 41. b4 Kxg3 42. b5 Kxh3 43. b6 g5 44. b7 h5 45. b8=Q g4 46. Qf4 h4 47. Kd3
g3 48. Qf3 Kh2 49. Qg4 h3 50. Ke3 g2 51. Kf2 Kh1 52. Qg3 h2 53. Qxg2# {Black
checkmated} 1-0

[Event "Team 45 45 League T45"]
[Site "Internet Chess Club"]
[Date "2010.05.17"]
[Round "2"]
[White "GreatBendini"]
[Black "qs16"]
[Result "0-1"]
[WhiteElo "1776"]
[BlackElo "1750"]
[Opening "Sicilian: Canal-Sokolsky attack, 3...Bd7"]
[ECO "B52"]
[Time "13:01:13"]
[TimeControl "2700+45"]

1. e4 c5 2. Nf3 d6 3. Bb5+ Bd7 4. Bxd7+ Qxd7 5. O-O Nc6 6. c3 Nf6 7. Re1 e6 8.
d4 cxd4 9. cxd4 d5 10. e5 Ne4 11. Nbd2 Bb4 12. Nxe4 dxe4 13. Rxe4 O-O-O 14. Bg5
Be7 15. Bxe7 Nxe7 16. Rc1+ Kb8 17. a4 Nf5 18. b4 Qd5 19. Qd3 Rc8 20. Rxc8+ Rxc8
21. Re1 h6 22. Ra1 Rc4 23. g4 Nxd4 24. Nxd4 Rxd4 25. Qh7 Rxg4+ 26. Kf1 Qc4+
{White resigns} 0-1

[Event "Team 45 45 League T45"]
[Site "Internet Chess Club"]
[Date "2010.05.15"]
[Round "2"]
[White "oldsj"]
[Black "ILRE"]
[Result "0-1"]
[WhiteElo "1600"]
[BlackElo "1536"]
[Opening "Pirc: Austrian attack, 6.Bd3"]
[ECO "B09"]
[Time "09:00:27"]
[TimeControl "2700+45"]

1. e4 d6 2. d4 Nf6 3. Nc3 g6 4. f4 Bg7 5. Nf3 O-O 6. Bd3 Nc6 7. e5 dxe5 8. fxe5
Nd5 9. Bc4 Nb6 10. Bb3 Na5 11. O-O Nxb3 12. axb3 c6 13. Ne4 f6 14. exf6 exf6 15.
c4 Bg4 16. Be3 Re8 17. Qd3 Bf5 18. Nfd2 Qe7 19. Rf4 Bh6 20. Rf3 Bg7 21. Rf4 Qe6
22. Re1 g5 23. Rxf5 Qxf5 24. Rf1 Qg6 25. Bf2 Rad8 26. Qf3 f5 27. Ng3 Rf8 28. Ne2
g4 29. Qf4 Bh6 {White forfeits on time} 0-1

[Event "Team 45 45 League T45"]
[Site "Internet Chess Club"]
[Date "2010.05.17"]
[Round "2"]
[White "smitty120"]
[Black "TerryMalloy"]
[Result "0-1"]
[WhiteElo "1881"]
[BlackElo "2122"]
[Opening "Petrov: Cochrane gambit"]
[ECO "C42"]
[Time "19:01:39"]
[TimeControl "2700+45"]

1. e4 e5 2. Nf3 Nf6 3. Nxe5 d6 4. Nxf7 Kxf7 5. d4 c5 6. dxc5 Nc6 7. Bc4+ Be6 8.
Bxe6+ Kxe6 9. O-O Kf7 10. Qe2 Qe8 11. Nc3 dxc5 12. Bg5 Nd4 13. Qd3 Rd8 14. e5
Qxe5 15. f4 Qf5 16. Qc4+ Qe6 17. Qd3 Be7 18. Rae1 Qa6 19. Qh3 Rhe8 20. Bxf6 Bxf6
21. Qh5+ g6 22. Qxc5 Rxe1 23. Rxe1 Nf3+ {White resigns} 0-1

[Event "Team 45 45 League T45"]
[Site "Internet Chess Club"]
[Date "2010.05.18"]
[Round "2"]
[White "az2112"]
[Black "dpawn"]
[Result "1-0"]
[WhiteElo "1748"]
[BlackElo "1809"]
[Opening "QGD: Cambridge Springs defense, Bogolyubov variation"]
[ECO "D52"]
[Time "21:39:26"]
[TimeControl "2700+45"]

1. d4 d5 2. c4 e6 3. Nc3 Nf6 4. Nf3 Nbd7 5. Bg5 c6 6. e3 Qa5 7. Nd2 Bb4 8. Qc2
O-O 9. Be2 Ne4 10. Ndxe4 dxe4 11. Bh4 f5 12. O-O Bxc3 13. Qxc3 Qxc3 14. bxc3 Nf6
15. Bg3 b6 16. Bd6 Rd8 17. c5 Ne8 18. Be5 bxc5 19. Rfc1 cxd4 20. cxd4 Bd7 21.
Rab1 Nf6 22. Ba6 Ng4 23. Bc7 {Black forfeits on time} 1-0

[Event "Team 45 45 League T45"]
[Site "Internet Chess Club"]
[Date "2010.05.16"]
[Round "2"]
[White "Nakke"]
[Black "AVEMARIA"]
[Result "1-0"]
[WhiteElo "1719"]
[BlackElo "1699"]
[Opening "English: symmetrical, four knights system"]
[ECO "A35"]
[Time "09:00:55"]
[TimeControl "2700+45"]

1. c4 c5 2. Nc3 Nc6 3. Nf3 Nf6 4. g3 e6 5. Bg2 d6 6. O-O Be7 7. d4 cxd4 8. Nxd4
Nxd4 9. Qxd4 a6 10. b3 O-O 11. Bb2 Rb8 12. Rfd1 e5 13. Qd2 Qc7 14. Rac1 Be6 15.
Nd5 Bxd5 16. Bxd5 b6 17. Bg2 Rfe8 18. e3 Rbd8 19. Qe2 Qc5 20. a3 a5 21. Rd2 Qc7
22. Rcd1 Nd7 23. Bd5 Nc5 24. b4 axb4 25. axb4 Na4 26. Ra1 Nxb2 27. Rxb2 b5 28.
cxb5 Qc3 29. Qc2 Rc8 30. Qxc3 Rxc3 31. b6 Rb8 32. b7 Bd8 33. b5 Rc5 34. e4 Kf8
35. Ra8 {Black resigns} 1-0

[Event "Team 45 45 League T45"]
[Site "Internet Chess Club"]
[Date "2010.05.16"]
[Round "2"]
[White "PandorasBox"]
[Black "SlimeDog2"]
[Result "0-1"]
[WhiteElo "2054"]
[BlackElo "2170"]
[Opening "Queen's pawn: Torre attack"]
[ECO "A45"]
[Time "04:02:14"]
[TimeControl "2700+45"]

1. d4 Nf6 2. Bg5 e6 3. Nf3 h6 4. Bh4 c5 5. c3 cxd4 6. Qxd4 Nc6 7. Qd1 d5 8. e3
Be7 9. Nbd2 O-O 10. Bd3 e5 11. Bb1 e4 12. Nd4 Nxd4 13. cxd4 Bg4 14. Qb3 Qa5 15.
h3 Rac8 {White resigns} 0-1

[Event "Team 45 45 League T45"]
[Site "Internet Chess Club"]
[Date "2010.05.14"]
[Round "2"]
[White "Memphischess"]
[Black "Dyzfunk"]
[Result "1/2-1/2"]
[WhiteElo "2029"]
[BlackElo "2046"]
[Opening "Sicilian: Najdorf, Opocensky variation"]
[ECO "B92"]
[Time "17:00:30"]
[TimeControl "2700+45"]

1. e4 c5 2. Nf3 d6 3. d4 cxd4 4. Nxd4 Nf6 5. Nc3 a6 6. Be2 e5 7. Nb3 Be6 8. Bg5
Nbd7 9. Qd2 Be7 10. O-O b5 11. f3 O-O 12. Rad1 Qb6+ 13. Be3 Qc7 14. Nd5 Bxd5 15.
exd5 Rac8 16. Rc1 Nb6 17. Rfd1 Nfxd5 18. Bf2 Nf4 19. Bf1 Nc4 20. Qc3 d5 21. g3
d4 22. Qe1 Ne6 23. Rb1 Rfd8 24. Bd3 Ng5 25. Qe2 Nh3+ 26. Kg2 Nxf2 27. Kxf2 Ne3
28. Rdc1 Qd7 29. c3 Qh3 30. Kg1 Bf6 31. cxd4 exd4 32. Nc5 Rc6 33. Be4 Rb6 34. b4
g6 35. a4 bxa4 36. Nxa4 Re6 37. Nc5 Rb6 38. Bd3 Rdd6 39. Ne4 Re6 40. Rc5 h6 41.
Ra5 Be7 42. Ra4 Nd5 43. Qd2 Ne3 44. Ra2 Rec6 45. Rab2 f5 46. Nc5 f4 47. Be4 fxg3
48. Qxd4 Rxc5 49. Qxe3 Rg5 50. Qxb6 gxh2+ 51. Kh1 Rh5 52. Qxg6+ Kf8 53. Rg2 Bg5
54. Qf5+ Qxf5 55. Bxf5 Bf4 56. Bg4 Rb5 57. Ra2 Rb6 58. Ra5 Bd6 59. b5 axb5 60.
Raxb5 Rc6 61. Rf5+ Ke7 62. Re1+ Kd8 63. Rf6 Kc7 64. Rxh6 Rc2 65. Rhe6 Bg3 66.
R6e2 Rc3 67. Re7+ Kd6 68. R1e6+ Kd5 69. Rd7+ Kc5 70. Rc7+ Bxc7 71. Re1 Rc2 72.
Rf1 Bf4 73. Re1 Kd5 74. Bf5 Rf2 75. Bh3 Bg3 76. Bg2 Kd4 77. f4 Rxf4 78. Re4+
{Game drawn by mutual agreement} 1/2-1/2

[Event "Team 45 45 League T45"]
[Site "Internet Chess Club"]
[Date "2010.05.15"]
[Round "2"]
[White "kidviper"]
[Black "stevef"]
[Result "1-0"]
[WhiteElo "1921"]
[BlackElo "1795"]
[Opening "Sicilian: Najdorf, Lipnitzky attack"]
[ECO "B86"]
[Time "16:00:27"]
[TimeControl "2700+45"]

1. e4 c5 2. Nf3 d6 3. d4 cxd4 4. Nxd4 Nf6 5. Nc3 a6 6. Bc4 e6 7. Bb3 Qc7 8. Be3
Nc6 9. Qe2 b5 10. f3 Be7 11. O-O-O Bb7 12. g4 Rc8 13. g5 Nd7 14. Bxe6 fxe6 15.
Nxe6 Qa5 16. Nxg7+ Kf7 17. Nf5 Nce5 18. f4 Rxc3 19. bxc3 Bxe4 20. fxe5 Nxe5 21.
Rhf1 Ke8 22. Nxd6+ Bxd6 23. Rxd6 Qa3+ 24. Kb1 Nc4 25. Bc1 Qxd6 26. Qxe4+ Kd8 27.
Qa8+ {Black resigns} 1-0

[Event "Team 45 45 League T45"]
[Site "Internet Chess Club"]
[Date "2010.05.16"]
[Round "2"]
[White "TerryMalloy"]
[Black "Ptzz"]
[Result "1/2-1/2"]
[WhiteElo "2115"]
[BlackElo "2085"]
[Opening "QGD Slav defense: exchange variation"]
[ECO "D10"]
[Time "15:00:25"]
[TimeControl "2700+45"]

1. d4 d5 2. c4 c6 3. cxd5 cxd5 4. Nc3 e5 5. Nf3 e4 6. Ne5 f6 7. Qa4+ Nd7 8. Nxd7
Bxd7 9. Qb3 Bc6 10. Bf4 Bd6 11. Bxd6 Qxd6 12. e3 a6 13. Qb6 Rd8 14. Be2 f5 15.
O-O Nf6 16. b4 O-O 17. b5 axb5 18. Nxb5 Bxb5 19. Qxd6 Rxd6 20. Bxb5 Rdd8 21.
Rfb1 Rc8 22. Ba4 Rc4 23. Bb5 Rc2 24. Ba4 Rc4 25. Bd1 Rc7 26. Rb5 g5 27. Rab1
Rff7 28. g3 Kg7 29. Rb6 h5 30. Kf1 f4 31. Ke1 fxe3 32. fxe3 Ng4 33. Bxg4 hxg4
34. Rd6 Rf3 35. Rb3 Rf5 36. Rb5 Rf3 37. Rb3 Rc1+ 38. Kd2 Rc7 39. Ke1 {Game drawn
by repetition} 1/2-1/2

[Event "Team 45 45 League T45"]
[Site "Internet Chess Club"]
[Date "2010.05.15"]
[Round "2"]
[White "Jack-ONeill"]
[Black "Folgers"]
[Result "1-0"]
[WhiteElo "2052"]
[BlackElo "2015"]
[Opening "English: Anglo-Grünfeld defense"]
[ECO "A16"]
[Time "12:17:54"]
[TimeControl "2700+45"]

1. c4 Nf6 2. Nc3 d5 3. cxd5 Nxd5 4. Nf3 g6 5. Qa4+ c6 6. Qd4 Nf6 7. Qh4 Bg7 8.
d4 Nd5 9. e4 Nb4 10. Bc4 Nc2+ 11. Ke2 Nxd4+ 12. Nxd4 Qxd4 13. Bb3 b6 14. Rd1
Ba6+ 15. Ke1 Qb4 16. Bd2 Qc5 17. Rac1 Qh5 18. Qxh5 gxh5 19. Nd5 Bb7 20. Nc7+ Kf8
21. Bc3 Bxc3+ 22. Rxc3 h4 23. Rf3 f6 24. Rd8+ Kg7 25. Ne6+ {Black resigns} 1-0

[Event "Team 45 45 League T45"]
[Site "Internet Chess Club"]
[Date "2010.05.14"]
[Round "2"]
[White "Cryptochess"]
[Black "Zumbi"]
[Result "1/2-1/2"]
[WhiteElo "2024"]
[BlackElo "2001"]
[Opening "Sicilian: Smith-Morra gambit"]
[ECO "B21"]
[Time "19:10:34"]
[TimeControl "2700+45"]

1. e4 c5 2. d4 cxd4 3. c3 d5 4. exd5 Qxd5 5. cxd4 Nc6 6. Nf3 e5 7. Nc3 Bb4 8.
Be2 exd4 9. O-O Qd8 10. Nb5 Nf6 11. Nfxd4 Nxd4 12. Qxd4 Qxd4 13. Nxd4 O-O 14.
Bf4 Bg4 15. Bxg4 Nxg4 16. Rac1 Rac8 17. Nf5 Bc5 18. h3 Nxf2 19. Rxf2 Bxf2+ 20.
Kxf2 Rxc1 21. Bxc1 f6 22. Be3 b6 23. Kf3 g6 24. Ne7+ Kg7 25. Nc6 Rf7 26. g4 Rc7
27. Nd4 Kf7 28. Nb5 Rd7 29. Ke4 Re7+ 30. Kf4 Rd7 31. Ke4 Re7+ 32. Kf3 Rd7 33. b4
Ke6 34. Ke4 a6 35. Nd4+ Kd6 36. Bf4+ Ke7 37. a4 h6 38. Be3 Rc7 39. Kd5 Rc3 40.
Bxh6 Rxh3 41. Bf4 Kd7 42. Nc6 Rd3+ 43. Ke4 Ra3 44. Nb8+ Kc8 45. Kd5 Rxa4 46. Bd6
a5 47. Kc6 axb4 48. Nd7 Ra1 49. Nxb6+ Kd8 50. Bxb4 Rg1 51. Nd5 Rxg4 {Game drawn
by mutual agreement} 1/2-1/2

[Event "Team 45 45 League T45"]
[Site "Internet Chess Club"]
[Date "2010.05.16"]
[Round "2"]
[White "Guoruey"]
[Black "Rhand"]
[Result "0-1"]
[WhiteElo "1970"]
[BlackElo "1926"]
[Opening "Alekhine's defense: modern, Flohr variation"]
[ECO "B05"]
[Time "12:11:21"]
[TimeControl "2700+45"]

1. e4 Nf6 2. e5 Nd5 3. d4 d6 4. Nf3 Bg4 5. Be2 c6 6. O-O Bxf3 7. Bxf3 dxe5 8.
dxe5 e6 9. Qe2 Nd7 10. Rd1 Qc7 11. c4 Ne7 12. Bf4 Ng6 13. Bg3 Be7 14. Nc3 O-O
15. Ne4 Ndxe5 16. c5 Nxf3+ 17. Qxf3 e5 18. Qf5 Rad8 19. h4 Bxh4 20. Bxh4 Nxh4
21. Qh5 Rxd1+ 22. Rxd1 Ng6 23. b4 a5 24. a3 axb4 25. axb4 b6 26. Nd6 bxc5 27.
bxc5 Qa5 28. Ne4 Qa4 29. Ng5 h6 {White resigns} 0-1

[Event "Team 45 45 League T45"]
[Site "Internet Chess Club"]
[Date "2010.05.14"]
[Round "2"]
[White "theophilus"]
[Black "Malacar"]
[Result "0-1"]
[WhiteElo "2165"]
[BlackElo "2106"]
[Opening "French: Tarrasch, open, 4.ed ed"]
[ECO "C08"]
[Time "13:30:40"]
[TimeControl "2700+45"]

1. d4 e6 2. e4 d5 3. Nd2 c5 4. exd5 exd5 5. Ngf3 Bg4 6. Bb5+ Nc6 7. O-O cxd4 8.
h3 Bh5 9. Qe2+ Be7 10. Qe5 Nf6 11. Re1 O-O 12. Bxc6 Bd6 13. Qg5 bxc6 14. Nxd4 h6
15. Qf5 Qb6 16. c3 Rae8 17. Re3 c5 18. N4b3 a5 19. a4 Bg6 20. Qf3 Bc2 21. c4
Rxe3 22. Qxe3 Re8 23. Qc3 Bxb3 {White resigns} 0-1

[Event "Team 45 45 League T45"]
[Site "Internet Chess Club"]
[Date "2010.05.23"]
[Round "2"]
[White "DavidBarnsley"]
[Black "chess92192"]
[Result "1/2-1/2"]
[WhiteElo "1994"]
[BlackElo "2034"]
[Opening "Blackmar gambit"]
[ECO "D00"]
[Time "15:11:51"]
[TimeControl "2700+45"]

1. d4 d5 2. e4 dxe4 3. Nc3 Nf6 4. f3 exf3 5. Nxf3 Bg4 6. h3 Bh5 7. g4 Bg6 8. Ne5
Nbd7 9. Qf3 c6 10. Nxg6 hxg6 11. g5 Nh5 12. Bc4 e6 13. Rf1 Qe7 14. Bd2 Nb6 15.
Bb3 O-O-O 16. Qxf7 Rxd4 17. Bxe6+ Kb8 18. O-O-O Qxf7 19. Bxf7 Bd6 20. Bxg6 Nc4
21. Ne2 Rh4 22. Be1 Rxh3 23. Rd4 Ne3 24. Rf7 Rd8 25. Bxh5 Rxh5 26. Ng3 Rxg5 27.
Ne4 Rg1 28. Rxd6 Rxe1+ 29. Kd2 {Game drawn by mutual agreement} 1/2-1/2

[Event "Team 45 45 League T45"]
[Site "Internet Chess Club"]
[Date "2010.05.16"]
[Round "2"]
[White "siddhu"]
[Black "RD1974"]
[Result "1/2-1/2"]
[WhiteElo "1820"]
[BlackElo "1718"]
[Opening "Queen's pawn game"]
[ECO "D02"]
[Time "14:08:17"]
[TimeControl "2700+45"]

1. Nf3 d5 2. d4 Bg4 3. e3 Nf6 4. c4 e6 5. a3 Nc6 6. Nc3 Be7 7. Be2 O-O 8. h3 Bh5
9. O-O Re8 10. b4 a6 11. Bb2 dxc4 12. Bxc4 Nd5 13. Nxd5 exd5 14. Be2 Bf6 15. Nd2
Bg6 16. Bf3 Ne7 17. e4 dxe4 18. Nxe4 Bxe4 19. Bxe4 c6 20. Qd3 g6 21. Rab1 Nd5
22. Rfe1 Bg7 23. Qb3 Qg5 24. a4 Rad8 25. b5 Qf4 26. Bxd5 Rxe1+ 27. Rxe1 cxd5 28.
bxa6 bxa6 29. Qd3 h5 30. Qxa6 Bxd4 31. Bxd4 Qxd4 32. a5 Qc3 33. Kf1 d4 34. Qb6
Qc4+ 35. Kg1 Rc8 36. Rd1 d3 37. Qe3 Rd8 38. Qd2 Kg7 39. Qb2+ Kg8 40. Qd2 Rd4 41.
Rc1 Qe6 42. Re1 Qd7 43. Kf1 Kg7 44. Ra1 Ra4 45. Qc3+ Kh7 46. Rd1 {Game drawn by
mutual agreement} 1/2-1/2

[Event "Team 45 45 League T45"]
[Site "Internet Chess Club"]
[Date "2010.05.14"]
[Round "2"]
[White "Monsoon-Smith"]
[Black "ElCreyente"]
[Result "1/2-1/2"]
[WhiteElo "2092"]
[BlackElo "2263"]
[Opening "Sicilian: Najdorf, Byrne (English) attack"]
[ECO "B90"]
[Time "14:31:06"]
[TimeControl "2700+45"]

1. e4 c5 2. Nf3 d6 3. d4 cxd4 4. Nxd4 Nf6 5. Nc3 a6 6. Be3 e5 7. Nb3 Be6 8. f3
Be7 9. Qd2 O-O 10. O-O-O Nbd7 11. g4 b5 12. g5 b4 13. Ne2 Ne8 14. f4 a5 15. Kb1
a4 16. Nbc1 exf4 17. Nxf4 Bxg5 18. Nd5 Bxe3 19. Qxe3 a3 20. b3 Bxd5 21. Rxd5 Ne5
22. Qd4 Rb8 23. Bb5 Nf3 24. Qd1 Ne5 25. Bxe8 Rxe8 26. Rxd6 Qc7 27. Rf1 Rbd8 28.
Rxd8 Rxd8 29. Qe1 Qc5 30. Ne2 h6 31. Qc1 Rd6 {Game drawn by mutual agreement}
1/2-1/2

[Event "Team 45 45 League T45"]
[Site "Internet Chess Club"]
[Date "2010.05.14"]
[Round "2"]
[White "SuperJEM"]
[Black "Kolibri"]
[Result "1-0"]
[WhiteElo "2173"]
[BlackElo "2067"]
[Opening "English, 1...Nf6 (Anglo-Indian defense)"]
[ECO "A14"]
[Time "07:09:49"]
[TimeControl "2700+45"]

1. c4 Nf6 2. g3 e6 3. Bg2 d5 4. Nf3 Be7 5. b3 O-O 6. O-O c5 7. cxd5 Nxd5 8. Bb2
Bf6 9. Qc1 Bxb2 10. Qxb2 Nc6 11. Nc3 Qf6 12. Rac1 Bd7 13. Qa1 Nxc3 14. Rxc3 b6
15. Rfc1 Rac8 16. Qb1 e5 17. a3 a5 18. h4 h6 19. d3 Bg4 20. Qb2 Rfe8 21. Rc4 Be6
22. R4c2 Bd5 23. Rd2 Qe6 24. Kh2 Bxf3 25. Bxf3 Nd4 26. Bg2 Qxb3 27. e3 Qxb2 28.
Rxb2 Ne6 29. Rxb6 Rb8 30. Rcb1 Rbd8 31. Be4 Nc7 32. Rc6 Nd5 33. Rxc5 Nf6 34.
Rxa5 Nxe4 35. dxe4 Rd2 36. Kg2 Re6 37. Rab5 Ra2 38. Ra5 Rf6 39. Rf1 Rd6 40. Rxe5
Rd3 41. Kf3 Rdxa3 42. Re8+ Kh7 43. Rf8 Ra7 44. h5 g6 45. hxg6+ Kxg6 46. Kf4 Kg7
47. Rb8 Re7 48. f3 Ra5 49. Rfb1 Rg5 50. g4 Re6 51. R8b6 Ree5 52. Ra1 h5 53. gxh5
Rxh5 54. Ra7 Ra5 55. Rxa5 Rxa5 56. e5 Ra4+ 57. e4 Ra3 58. e6 f6 59. e7 Ra8 60.
Kf5 {Black resigns} 1-0

[Event "Team 45 45 League T45"]
[Site "Internet Chess Club"]
[Date "2010.05.16"]
[Round "2"]
[White "Jack-ONeill"]
[Black "sandham"]
[Result "0-1"]
[WhiteElo "2039"]
[BlackElo "2127"]
[Opening "English opening: Agincourt variation"]
[ECO "A13"]
[Time "07:00:06"]
[TimeControl "2700+45"]

1. c4 e6 2. Nf3 d5 3. d4 c6 4. e3 Nf6 5. Bd3 Nbd7 6. O-O Bd6 7. Nbd2 O-O 8. b3
e5 9. cxd5 cxd5 10. dxe5 Nxe5 11. Be2 Bf5 12. Nd4 Bd7 13. Bb2 Rc8 14. N2f3 Qe7
15. Nxe5 Qxe5 16. g3 Bh3 17. Qb1 Bxf1 18. Nf5 Qe6 19. Bxf1 Ne4 20. Nxg7 Qg6 21.
Qd3 Rfd8 22. Bh3 Nxf2 {White resigns} 0-1

[Event "Team 45 45 League T45"]
[Site "Internet Chess Club"]
[Date "2010.05.15"]
[Round "2"]
[White "Zumbi"]
[Black "fledermaus"]
[Result "0-1"]
[WhiteElo "1984"]
[BlackElo "1999"]
[Opening "Sicilian defense"]
[ECO "B40"]
[Time "10:20:38"]
[TimeControl "2700+45"]

1. e4 c5 2. Nf3 e6 3. b3 d6 4. Bb5+ Nd7 5. O-O a6 6. Bxd7+ Bxd7 7. d4 cxd4 8.
Qxd4 Nf6 9. Ba3 Bc6 10. Re1 Qc7 11. c4 Be7 12. Nc3 O-O 13. Rad1 Rfd8 14. Qe3 Bf8
15. h3 b5 16. Rc1 Qa5 17. Bxd6 Bxd6 18. e5 b4 19. Nd4 Bb7 20. exd6 bxc3 21. Rxc3
Rxd6 22. Nf3 Ne4 23. Rc2 Rad8 24. c5 Rd3 25. Qc1 Bc6 26. Ne5 Qxe1+ 27. Qxe1 Rd1
28. Qxd1 Rxd1+ 29. Kh2 Bb7 30. c6 Bc8 31. c7 Kf8 32. Nc6 Ke8 33. Rc4 Nd6 34. Rc2
f6 35. a4 Bd7 36. Nb4 a5 37. Nc6 Bxc6 38. Rxc6 Kd7 39. Rc5 Rd5 40. Rc3 Nc8 41.
g4 Kd6 {White resigns} 0-1

[Event "Team 45 45 League T45"]
[Site "Internet Chess Club"]
[Date "2010.05.15"]
[Round "2"]
[White "easycure"]
[Black "Vaigpertu"]
[Result "1-0"]
[WhiteElo "2380"]
[BlackElo "2277"]
[Opening "King's Indian: Kazakh variation"]
[ECO "E91"]
[Time "17:02:36"]
[TimeControl "2700+45"]

1. d4 Nf6 2. c4 g6 3. Nc3 Bg7 4. e4 d6 5. Nf3 O-O 6. Be2 Na6 7. O-O e5 8. d5 Nc5
9. Bg5 a5 10. Nd2 h6 11. Be3 Nh7 12. a3 f5 13. f3 f4 14. Bf2 g5 15. b4 axb4 16.
axb4 Rxa1 17. Qxa1 Nd7 18. c5 Ndf6 19. Qa5 Qe7 20. Nb5 Ne8 21. Rc1 Rf7 22. cxd6
Nxd6 23. Rxc7 Qd8 24. Rxf7 Nxf7 25. Bb6 Qf8 26. Bc5 Qd8 27. Nc4 Bd7 28. Qxd8+
Nxd8 29. Nbd6 {Black resigns} 1-0

[Event "Team 45 45 League T45"]
[Site "Internet Chess Club"]
[Date "2010.05.16"]
[Round "2"]
[White "Despair"]
[Black "Ser-Enigma"]
[Result "1/2-1/2"]
[WhiteElo "2004"]
[BlackElo "2154"]
[Opening "Vienna: Paulsen-Mieses variation"]
[ECO "C20"]
[Time "09:01:27"]
[TimeControl "2700+45"]

1. e4 e5 2. g3 Nf6 3. Nc3 Bc5 4. Bg2 O-O 5. Nf3 d6 6. b3 Bg4 7. O-O Qd7 8. Bb2
Nc6 9. d3 a6 10. Nd5 Nxd5 11. exd5 Ne7 12. c4 Qf5 13. Nh4 Qh5 14. Bf3 f5 15.
Bxg4 fxg4 16. d4 g5 17. Ng2 exd4 18. Bxd4 Bxd4 19. Qxd4 Nf5 20. Qe4 Rae8 21. Qd3
Re5 22. Rfe1 Rfe8 23. Rxe5 Rxe5 24. Re1 Qe8 25. Qxf5 Rxe1+ 26. Nxe1 Qxe1+ 27.
Kg2 Qe2 28. Qxg5+ Kf7 29. Qf5+ Kg7 30. h3 gxh3+ 31. Kxh3 Qxa2 32. Qd7+ Kg8 33.
Qxc7 Qxb3 34. Qxd6 Qxc4 35. Qb8+ Kg7 36. Qxb7+ Kf6 37. d6 Qe6+ 38. Kh4 Qxd6 39.
Qxh7 Qd4+ 40. f4 Qc4 41. Qh6+ Ke7 42. Qg5+ Kf7 43. Qf5+ Kg7 44. g4 Qb5 45. Qc8
a5 46. f5 a4 47. Kg5 Qd5 48. Qc3+ Kg8 49. Qb4 Qb3 50. Qe4 a3 51. Qe8+ Kh7 52.
Qg6+ Kh8 53. Qf6+ Kh7 54. Qe7+ Kh8 55. f6 Qg8+ 56. Kf5 Qd5+ 57. Kg6 Qg8+ 58. Kh6
a2 59. f7 Qg7+ 60. Kh5 Qh7+ 61. Kg5 Qg7+ 62. Kf5 Qh7+ 63. Kf4 Qxf7+ 64. Qxf7
a1=Q 65. Qf8+ Kh7 66. Qe7+ Kg8 67. g5 Qf1+ 68. Kg4 Qg2+ 69. Kf5 Qf3+ 70. Kg6
Qd3+ 71. Kf6 Qf3+ 72. Kg6 Qd3+ 73. Kh6 Qh3+ 74. Kg6 Qd3+ {Game drawn by
repetition} 1/2-1/2